Map: King Sejong Station LE

Players

Fropez - Winner!

  • Race: Protoss Protoss
  • League: Gold
  • Spawn Location: 5:00

ROBERT

  • Race: Zerg Zerg
  • League: Platinum
  • Spawn Location: 11:00

VOD

Have the link to the VOD?

Description

Time

  • Played on: Nov. 17, 2016, 8:55 p.m.
  • Length: 14:12
Show
View Real Time Build Order
Export as new Build Order

Fropez Protoss - Winner!

Build Orders:  

Get SALT Encoding   

  12  0:01  Probe (Chrono Boost)  
  13  0:11  Probe (Chrono Boost)  
  14  0:22  Probe (Chrono Boost)  
  14  0:24  Pylon  
  15  0:29  Assimilator  
  15  0:42  Probe (Chrono Boost)  
  16  0:45  Gateway  
  16  0:49  Assimilator  
  16  0:52  Probe (Chrono Boost)  
  17  1:03  Probe (Chrono Boost)  
  18  1:10  Gateway  
  18  1:13  Probe (Chrono Boost)  
  19  1:24  Probe (Chrono Boost)  
  20  1:27  Pylon  
  20  1:35  Probe (Chrono Boost)  
  21  1:42  Cybernetics Core  
  21  1:45  Probe (Chrono Boost)  
  21  1:57  Probe (Chrono Boost)  
  22  2:04  Pylon  
  22  2:08  Probe (Chrono Boost)  
  23  2:17  Forge  
  23  2:19  Mothership Core (Chrono Boost)  
  25  2:23  Adept (Chrono Boost)  
  29  2:32  Adept (Chrono Boost)  
  29  2:33  Warp Gate (Chrono Boost)  
  29  2:41  Pylon  
  29  2:49  Pylon  
  29  2:58  Pylon  
  29  3:15  Pylon  
  27  3:44  Gateway  
  27  3:49  Probe  
  27  3:53  Adept, Protoss Ground Weapons Level 1  
  27  3:54  Adept  
  32  3:57  Pylon  
  32  4:20  Photon Cannon  
  29  4:40  Nexus  
  29  4:44  Photon Cannon  
  26  4:48  Probe  
  26  4:49  Pylon  
  26  4:51  Assimilator  
  27  4:59  Adept x3  
  30  5:10  Gateway  
  30  5:22  Adept x3  
  36  5:33  Probe  
  37  5:43  Twilight Council  
  37  5:45  Probe  
  28  5:52  Nexus  
  28  5:57  Probe  
  29  6:07  Adept x4  
  29  6:09  Probe  
  38  6:15  Pylon  
  38  6:17  Pylon  
  38  6:21  Resonating Glaives (Chrono Boost)  
  38  6:35  Adept x2  
  38  6:39  Adept  
  38  7:05  Photon Cannon  
  38  7:06  Gateway  
  38  7:07  Probe  
  34  7:09  Probe, Assimilator  
  36  7:17  Adept  
  34  7:26  Adept  
  36  7:32  Probe  
  36  7:34  Photon Cannon  
  37  7:37  Protoss Ground Weapons Level 2 (Chrono Boost)  
  37  7:52  Assimilator  
  37  8:02  Stalker  
  37  8:04  Stalker  
  41  8:07  Templar Archives  
  41  8:08  Probe  
  41  8:09  Probe  
  43  8:15  Adept  
  45  8:24  Adept  
  45  8:26  Zealot  
  49  8:33  Adept  
  51  8:35  Probe  
  51  8:36  Probe  
  53  8:50  Probe  
  53  8:51  Probe  
  55  9:00  Adept x3  
  57  9:27  Adept x3  
  57  9:28  Adept  
  61  9:39  Gateway  
  61  9:45  Pylon  
  61  9:56  Pylon  
  60  10:03  Probe x2  
  62  10:13  Adept x3  
  62  10:14  Adept  
  70  10:26  Protoss Ground Weapons Level 3 (Chrono Boost)  
  70  10:35  Adept x4  
  78  10:45  Pylon  
  78  10:49  Pylon  
  52  11:33  High Templar x2  
  52  11:34  High Templar x4  
  52  11:37  Archon  
  52  11:38  Archon x2  
  64  11:45  Probe x2, Gateway x2  
  66  11:49  Photon Cannon  
  66  12:07  High Templar  
  66  12:08  High Templar x4  
  74  12:09  High Templar  
  74  12:12  Archon x2  
  74  12:13  Archon  
  66  13:00  High Templar x2  
  66  13:01  High Templar x3  
  76  13:16  Nexus  
  76  13:18  Assimilator  
  74  13:24  Assimilator  
  74  13:26  Pylon  
  74  13:28  Pylon  
  74  13:33  Pylon  
  74  13:39  Adept x4  
  74  13:40  Adept x4  
  90  13:42  Archon x2  
  90  13:54  Photon Cannon  
  90  13:55  Gateway  
  86  13:59  Gateway  
  86  14:00  Photon Cannon  
  86  14:08  Pylon  
Show
View Real Time Build Order
Export as new Build Order

ROBERT Zerg 

Build Orders: Hatch First 

Get SALT Encoding   

  12  0:04  Drone  
  13  0:09  Drone  
  14  0:19  Overlord  
  14  0:27  Extractor  
  14  0:28  Drone  
  15  0:55  Drone x2  
  17  1:03  Drone  
  18  1:06  Hatchery  
  18  1:10  Drone  
  18  1:20  Spawning Pool  
  17  1:26  Drone  
  17  1:28  Extractor  
  17  1:39  Drone x2  
  19  1:51  Drone  
  20  2:01  Drone  
  21  2:17  Queen  
  21  2:19  Queen  
  21  2:21  Zergling x2  
  26  2:25  Drone x2  
  28  2:30  Extractor  
  28  2:32  Drone  
  28  2:37  Overlord  
  28  3:03  Zergling x6  
  31  3:06  Metabolic Boost  
  31  3:09  Baneling Nest  
  31  3:11  Drone x2  
  31  3:12  Drone  
  33  3:25  Zergling x2  
  32  3:34  Zergling x2  
  32  3:36  Zergling x4  
  32  3:39  Overlord  
  34  3:47  Zergling x2  
  34  3:49  Zergling x2  
  35  4:02  Evolution Chamber  
  33  4:03  Zergling x2  
  33  4:09  Zergling x2  
  34  4:12  Zergling x10  
  38  4:35  Zergling x8  
  39  4:49  Zergling x6  
  39  5:17  Baneling x3  
  39  5:18  Baneling  
  28  5:48  Zergling x6  
  29  5:50  Zergling x6  
  29  5:52  Zerg Ground Armor Level 1  
  29  5:56  Queen  
  33  5:58  Queen  
  35  6:11  Zergling x4  
  35  6:17  Zergling x4  
  38  6:27  Baneling x6  
  38  6:29  Baneling x3  
  38  6:30  Baneling  
  37  6:34  Zergling x4  
  37  6:35  Zergling x6  
  37  6:38  Zergling x4  
  37  7:01  Zergling x4  
  37  7:03  Zergling x4  
  39  7:09  Zergling x6  
  39  7:12  Zergling x4  
  39  7:24  Drone  
  39  7:33  Drone x4  
  42  7:42  Drone  
  43  7:44  Overlord x2  
  43  7:55  Zerg Melee Weapons Level 1  
  43  8:03  Drone x5  
  43  8:04  Hatchery  
  47  8:10  Drone x2  
  49  8:16  Pneumatized Carapace  
  49  8:30  Drone x4  
  49  8:32  Extractor  
  52  8:35  Extractor  
  52  8:40  Evolution Chamber  
  50  8:46  Queen, Drone x2  
  50  8:47  Overlord  
  54  8:58  Overlord  
  54  9:02  Zergling x6  
  57  9:05  Zergling x4  
  57  9:19  Zergling x4  
  53  9:26  Drone x3  
  53  9:31  Lair  
  55  9:32  Zergling x10  
  56  10:02  Drone  
  56  10:03  Drone x2  
  56  10:05  Queen  
  61  10:13  Drone x4  
  65  10:19  Zerg Missile Weapons Level 1  
  65  10:20  Zergling x4  
  65  10:21  Zergling x2  
  68  10:22  Drone  
  69  10:33  Baneling  
  69  10:34  Baneling x8  
  69  10:41  Queen  
  65  11:00  Zergling x6  
  61  11:23  Zergling x8  
  56  11:31  Drone x5  
  56  11:32  Drone x2  
  59  11:33  Drone  
  60  11:40  Centrifical Hooks  
  60  11:43  Spire  
  60  11:45  Zerg Ground Armor Level 2  
  59  11:48  Hatchery  
  59  11:49  Queen  
  59  11:50  Evolution Chamber  
  59  11:51  Zergling x6  
  62  12:04  Zergling x2  
  62  12:05  Zergling x2  
  62  12:06  Zergling x6  
  67  12:10  Queen  
  67  12:11  Drone x2  
  71  12:17  Zergling x2  
  71  12:18  Zergling x4  
  74  12:25  Queen  
  68  12:46  Zergling x10  
  68  12:47  Zergling x2  
  41  12:59  Zergling x2  
  41  13:00  Zergling x4  
  41  13:01  Zergling x2  
  45  13:12  Zergling x2  
  38  13:15  Zergling x2  
  38  13:19  Zergling x8  
  36  13:20  Zergling x10  
  36  13:24  Zergling x6  
  31  13:35  Baneling  
  31  13:36  Baneling x4  
Tags
 
Add a new tag
Caveats
  • Supply blocks, unpowered buildings, or Contaminate may cause inaccurate times.
  • Supply counts are checked every 10 seconds.